 Dungeon Crawl Stone Soup version 0.28-a0-793-g31680bbd8b (webtiles) character file.

Game seed: 14754400270905168775

1755 croobank the Cudgeller (level 8, 0/79 HPs)
             Began as a Troll Cinder Acolyte on Nov 3, 2021.
             Was a High Priest of Ignis.
             Blown up by a kobold brigand (33 damage)
             ... with a mindburst bolt
             ... on level 6 of the Dungeon on Nov 4, 2021.
             The game lasted 01:38:46 (5612 turns).

croobank the Cudgeller (Troll Cinder Acolyte)       Turns: 5612, Time: 01:38:47

Health: 0/79       AC:  8    Str: 23    XL:     8   Next: 78%
Magic:  19/19      EV: 10    Int: 11    God:    Ignis [*****.]
Gold:   176        SH:  0    Dex:  6    Spells: 4/11 levels left

rFire   . . .      SeeInvis .   a - +0 mace (flame)
rCold   + . .      Faith    .   (no shield)
rNeg    . . .      Spirit   .   b - +2 robe
rPois   .          Reflect  .   (helmet restricted)
rElec   .          Harm     .   G - +1 cloak
rCorr   .          Rampage  .   (gloves unavailable)
Will    .....                   (boots unavailable)
Stlth   +.........              (no amulet)
HPRegen 1.23/turn               l - ring of magical power
MPRegen 0.16/turn               z - ring of ice

@: lethally poisoned (0 -> -8), about to teleport
A: large, unfitting armour, claws 3, regeneration 1, shaggy fur 1, tough skin 1
a: Renounce Religion, Sea of Fire, Foxfire Swarm, Rising Flame


You were on level 6 of the Dungeon.
You worshipped Ignis.
Ignis was extremely pleased with you.
You visited 1 branch of the dungeon, and saw 7 of its levels.

You collected 233 gold pieces.
You spent 57 gold pieces at shops.

Inventory:

Hand Weapons
 a - a +0 mace of flaming (weapon)
 j - a +0 spear
 m - a +0 hand crossbow
 p - a +0 scythe
 q - a +0 triple crossbow
 v - a +2 dagger of venom
 w - a +0 short sword
 x - a +4 dagger of electrocution
 y - a +0 double sword
 A - a +0 hand axe
 F - a +0 great sword
Missiles
 f - 229 stones
 g - 2 curare-tipped darts
 i - 9 boomerangs (quivered)
 n - 38 bolts
Armour
 b - a +2 robe (worn)
 o - a +0 tower shield
 D - the +2 cloak "Xado" {Rampage rC+ Int-4 Stlth+}
   (You found it on level 6 of the Dungeon)

   Int:       It affects your intelligence (-4).
   rC:        It protects you from cold.
   Rampage:   It bestows one free step when moving towards enemies.
   Stlth:     It makes you more stealthy.
 G - a +1 cloak (worn)
Jewellery
 l - a ring of magical power (left claw)
 t - a ring of protection from fire
 z - a ring of ice (right claw)
Scrolls
 d - 4 scrolls of amnesia
 h - a scroll of magic mapping
 u - 2 scrolls of torment
 B - a scroll of silence {unknown}
 C - a scroll of teleportation
Potions
 c - 3 potions of brilliance
 e - a potion of attraction
 k - a potion of resistance
 r - 2 potions of mutation
 s - a potion of cancellation


   Skills:
 + Level 4.3 Fighting
 + Level 0.5(3.3) Axes
 + Level 5.9 Maces & Flails
 + Level 4.1 Throwing
 + Level 3.8 Dodging
 + Level 0.8 Stealth
 + Level 2.1 Spellcasting
 + Level 1.1 Translocations
 + Level 3.1 Fire Magic
 + Level 0.5 Evocations


You had 4 spell levels left.
You knew the following spells:

 Your Spells              Type           Power      Damage    Failure   Level
a - Scorch                Fire           14%        2d6       12%         2
b - Blink                 Tloc           6%         N/A       26%         2
c - Lesser Beckoning      Tloc           3%         N/A       47%         3

Your spell library contained the following spells:

 Spells                   Type           Power      Damage    Failure   Level
 Ensorcelled Hibernation  Hex/Ice        2%         N/A       41%         2
 Tukima's Dance           Hex            1%         N/A       65%         3
 Manifold Assault         Tloc           3%         N/A       99%         5


Dungeon Overview and Level Annotations

Branches:
Dungeon (7/15)
 Temple: D:4-7

Altars:
Cheibriados
Gozag
Hepliaklqana
Qazlal
Vehumet
Yredelemnul
The Shining One

Shops:
D:4 *   D:5 (

Annotations:
D:6 HuGe's ghost, amateur HOBe


Innate Abilities, Weirdness & Mutations

You are too large for most types of armour.
You have claws for hands.
Your natural rate of healing is unusually fast.
You are covered in fur. (AC +1)
You have tough skin. (AC +1)


Message History

Press: ? - help, Shift-Dir - straight line, f - kobold brigand
Aim: a kobold brigand, wielding a +0 club and quivering poisoned darts That beam is likely to hit you.
Continue anyway?
Okay, then.
Aiming: Iceblast
Press: ? - help, Shift-Dir - straight line, p - kobold brigand
Okay, then.
Aiming: Iceblast
Press: ? - help, Shift-Dir - straight line, f/p - kobold brigand
Aim: a kobold brigand, wielding a +0 club and quivering poisoned darts That beam is likely to hit you.
Continue anyway?
The mass of ice explodes!
The iceblast engulfs HuGe's ghost.
HuGe's ghost is lightly damaged.
The iceblast engulfs the kobold brigand!
The kobold brigand is heavily wounded.
The iceblast engulfs the kobold brigand!
You kill the kobold brigand!
The iceblast engulfs the kobold brigand!
You kill the kobold brigand!
The iceblast engulfs you! You partially resist.
The now-empty wand crumbles to dust.
You feel sick. HuGe's ghost hits you.
As you read the scroll of teleportation, it crumbles to dust.
You feel strangely unstable.
You feel sick. HuGe's ghost hits you.
The kobold brigand throws a poisoned dart.
The poisoned dart hits you!
You are more poisoned.
You thump the kobold brigand! You burn the kobold brigand.
The kobold brigand is almost dead.
You feel sick. HuGe's ghost hits you.
The kobold brigand hits you with a +0 broad axe!
The kobold brigand throws a poisoned dart.
The poisoned dart hits you!
You are more poisoned.
You feel very sick.
The kobold brigand throws a poisoned dart.
The poisoned dart hits you!
You are more poisoned.
You feel very sick.
The kobold brigand zaps a wand.
Your mind is blasted!
You die...

######....####.....##
#...............#####
##.....##........#
#####......##........#####
##≈⌠≈##.....##.............
#.....#.K..................
#$.###.'K.K......#####......
#).....'KKW......# #......
#).###.')K.@.....# #......
#.....#.........# #......
##≈⌠≈##.........# #.....<
#####..........# #######
#...........# #
#...........# #
####...........#### #
#.................# #
#....#'#.....#....## #


You could see 6 kobold brigands and HuGe's ghost.

Vanquished Creatures
  A shadow (D:7)
  A steam dragon (D:6)
  3 necrophages
  A black bear (D:6)
  2 ogres
  A phantom (D:6)
  A bullfrog (D:6)
  2 kobold brigands (D:6)
  A wyvern zombie (D:6)
  A centaur zombie (D:4)
  2 jellies (D:4)
  A bullfrog skeleton (D:6)
  4 hounds
  5 iguanas
  An orc wizard (D:6)
  A hound skeleton (D:4)
  Robin (D:3)
  A howler monkey skeleton (D:7)
  6 adders
  A white imp (D:7)
  2 worms (D:4)
  4 dart slugs
  12 orcs
  5 ball pythons
  7 bats
  9 endoplasms
  A giant cockroach (D:1)
  14 goblins
  11 hobgoblins
  5 jackals (D:2)
  6 quokkas
  A frilled lizard (D:1)
  A jackal skeleton (D:4)
  9 kobolds
  4 rats
128 creatures vanquished.

Vanquished Creatures (collateral kills)
  A rat (D:2)
1 creature vanquished.

Vanquished Creatures (others)
  An orc wizard (D:4)
  22 foxfires (D:6)
  2 fungi (D:6)
  12 plants
37 creatures vanquished.

Grand Total: 166 creatures vanquished

Notes
Turn   | Place    | Note
-------+----------+-------------------------------------------
     0 | D:1      | croobank the Troll Cinder Acolyte began the quest for the
                  | Orb.
     0 | D:1      | Reached XP level 1. HP: 22/22 MP: 1/1
   147 | D:1      | Reached skill level 3 in Maces & Flails
   147 | D:1      | Reached XP level 2. HP: 28/29 MP: 2/2
   148 | D:1      | Found a faded altar of an unknown god.
   463 | D:1      | Reached XP level 3. HP: 36/36 MP: 3/3
   879 | D:2      | Learned a level 2 spell: Scorch
  1006 | D:2      | Reached skill level 1 in Throwing
  1466 | D:2      | Learned a level 2 spell: Blink
  1509 | D:2      | Reached XP level 4. HP: 44/44 MP: 4/4
  1865 | D:3      | Noticed Robin
  1881 | D:3      | Killed Robin
  1882 | D:3      | Reached skill level 1 in Dodging
  2036 | D:3      | Found a stormy altar of Qazlal.
  2344 | D:3      | Reached skill level 4 in Maces & Flails
  2465 | D:4      | Reached XP level 5. HP: 27/50 MP: 5/5
  2474 | D:4      | Found a snail-covered altar of Cheibriados.
  2584 | D:4      | Found Kozomedgh's CLEARANCE SALE!.
  2596 | D:4      | Reached skill level 1 in Translocations
  2740 | D:4      | Bought a scroll of identify for 12 gold pieces
  2740 | D:4      | Bought a scroll of enchant weapon for 45 gold pieces
  2890 | D:4      | Noticed a necrophage
  2925 | D:4      | Killed a necrophage
  2926 | D:4      | Reached XP level 6. HP: 38/61 MP: 6/6
  3220 | D:4      | Found a hazy altar of Hepliaklqana.
  3255 | D:4      | Reached XP level 7. HP: 36/67 MP: 8/8
  3620 | D:5      | Entered Level 5 of the Dungeon
  3736 | D:5      | Found Acat's Weapon Emporium.
  3872 | D:5      | Found a glowing golden altar of the Shining One.
  3918 | D:5      | Found a basalt altar of Yredelemnul.
  3930 | D:5      | Reached skill level 5 in Maces & Flails
  4078 | D:5      | Learned a level 3 spell: Lesser Beckoning
  4123 | D:5      | Found a radiant altar of Vehumet.
  4425 | D:6      | Noticed a shadow
  4495 | D:6      | HP: 3/68 [white imp/puff of frost (2)]
  4501 | D:7      | Killed a shadow
  4502 | D:7      | Reached XP level 8. HP: 31/78 MP: 9/9
  4839 | D:6      | Identified the +2 cloak "Xado" {Rampage rC+ Int-4 Stlth+}
  5041 | D:6      | Found a runed translucent gate.
  5042 | D:6      | Found a runed translucent gate.
  5043 | D:6      | Found a runed translucent gate.
  5060 | D:6      | Noticed HuGe's ghost (amateur HOBe)
  5068 | D:6      | Found an opulent altar of Gozag.
  5612 | D:6      | Blown up by a kobold brigand

Illustrated notes

Levels and vault maps discovered:
D:1:      shiori_shiawase, layout_rooms, ebering_ecumenical_altar_rust
D:2:      layout_rooms, serial_bayou, serial_bayou_ford_a, serial_bayou_pond_e,
          serial_bayou_shore_b, serial_bayou_lagoon_a
D:3:      layout_rooms, grunt_qazlal_clouds, serial_glass, glass_columns_b,
          glass_columns_a, due_unseen_surprise, chequers_serial_rivers_small_3,
          minmay_tree_intersection, uniq_robin
D:4:      layout_loops_ring, cheibrodos_worm_habitat,
          nicolae_hepliaklqana_hazy_memory, nicolae_shop_clearance
D:5:      layout_basic, yredelemnul_altar_generic, vehumet_crystals,
          nicolae_tso_carved_into_rock, serial_shops, kennysheep_little_box,
          st_stairs_12, minmay_misc_feat_square, minivault_5
D:6:      layout_basic, nicolae_gozag_seed_capital,
          gammafunk_ghost_nasty_kobolds, serial_curves, eino_curves_04,
          eino_curves_02
D:7:      layout_basic, minmay_temple_entry_statues_fountains,
          uniq_prince_ribbit1

Skill      XL: |  1  2  3  4  5  6  7  8 |
---------------+-------------------------+-----
Maces & Flails | 3 4 5 |  5.9
Throwing       | 1 2 3 4 |  4.1
Dodging        | 1 2 3 |  3.8
Translocations | 1 |  1.1
Fighting       | 3 4 |  4.3
Spellcasting   | 2 |  2.1
Fire Magic     | 3 |  3.1
Axes           | |  0.5
Stealth        | |  0.8
Evocations     | |  0.5

Action                   |  1- 3 |  4- 6 |  7- 9 || total
-------------------------+-------+-------+-------++-------
Melee: Mace              |   140 |   105 |   143 ||   388
       Dagger            |       |    25 |       ||    25
       Hand axe          |       |    53 |       ||    53
Throw: Stone             |    61 |    34 |     2 ||    97
       Dart              |       |    15 |     3 ||    18
       Boomerang         |       |       |    23 ||    23
 Cast: Scorch            |     3 |    10 |     6 ||    19
       Blink             |       |     2 |     1 ||     3
Invok: Foxfire Swarm     |       |       |     3 ||     3
Evoke: Wand              |       |       |     8 ||     8
  Use: Scroll            |     6 |     6 |     7 ||    19
       Potion            |       |     3 |     2 ||     5
Armor: Robe              |    66 |    71 |    91 ||   228
Dodge: Dodged            |    94 |   109 |   117 ||   320

Table legend: (Time is in decaauts)
 A = Elapsed time spent in this place.
 B = Non-inter-level travel time spent in this place.
 C = Inter-level travel time spent in this place.
 D = Time resting spent in this place.
 E = Time spent auto-exploring this place.
 F = Levels seen in this place.
 G = Mean time per level.
                   A        B        C        D        E       F      G
               +--------+--------+--------+--------+--------+-----+--------+
         Total |   5731 |   5641 |     90 |   1075 |   2523 |   7 |  818.7 |
       Dungeon |   5731 |   5641 |     90 |   1075 |   2523 |   7 |  818.7 |
               +--------+--------+--------+--------+--------+-----+--------+

Top non-repeatable levels by time:
     D:4: 1208 daAuts
     D:6: 1099 daAuts
     D:1: 884 daAuts
     D:3: 852 daAuts
     D:5: 840 daAuts
     D:2: 769 daAuts
     D:7: 76 daAuts
